 Dungeon Crawl Stone Soup version 0.19.1 (webtiles) character file.

1516 Gargoyl the Covered (level 8, -5/69 HPs)
             Began as a Ghoul Abyssal Knight on Dec 11, 2016.
             Was a Priest of Lugonu.
             Slain by an orc warrior
             ... wielding a +0 long sword
              (13 damage)
             ... on level 7 of the Dungeon.
             The game lasted 00:09:51 (4454 turns).

Gargoyl the Covered (Ghoul Abyssal Knight)          Turns: 4454, Time: 00:09:51

Health: -5/69      AC: 17    Str: 16    XL:     8   Next: 83%
Magic:  10/10      EV:  5    Int:  7    God:    Lugonu [***...]
Gold:   195        SH:  0    Dex: 10    Spells: 0 memorised, 7 levels left

rFire  . . .     SeeInvis .     h - +0 war axe
rCold  + . .     Gourm    .     e - +0 plate armour
rNeg   + + +     Faith    .     (no shield)
rPois  ∞         Spirit   .     o - +2 hat
rElec  .         Reflect  .     (no cloak)
rCorr  .         Harm     .     u - +1 pair of gloves
MR     .....                    (no boots)
Stlth  ..........               (no amulet)
                                (no ring)
                                (no ring)

@: rotting
A: rotting body, claws 1, carnivore 3, cold resistance 1, negative energy
resistance 3, slow regeneration 1, torment resistance, unbreathing
a: Depart the Abyss, Bend Space, Banish, Renounce Religion


You were on level 7 of the Dungeon.
You worshipped Lugonu.
Lugonu was most pleased with you.
You were not hungry.

You visited 1 branch of the dungeon, and saw 7 of its levels.
You visited the Abyss 1 time.

You collected 195 gold pieces.

Inventory:

Hand Weapons
 h - a +0 war axe (weapon)
 n - a +1 spear of piercing
 y - a +0 war axe
Missiles
 w - 7 silver tomahawks (quivered)
Armour
 e - a +0 plate armour (worn)
 o - a +2 hat (worn)
 u - a +1 pair of gloves (worn)
Wands
 f - a wand of slowing (15/48)
 l - a wand of enslavement (18/24)
 D - a wand of confusion (10/48)
Scrolls
 d - 2 scrolls of magic mapping {unknown}
 i - 3 scrolls of blinking {unknown}
 j - 2 scrolls of remove curse
 m - a scroll of enchant weapon {unknown}
 q - 9 scrolls of identify {unknown}
 r - a scroll of teleportation {unknown}
 v - a scroll of fog {unknown}
 x - a scroll of amnesia {unknown}
 B - a scroll of enchant armour
Potions
 b - 4 potions of curing
 k - 2 potions of haste {unknown}
 p - a potion of flight {unknown}
 s - a potion of degeneration {unknown}
 z - 2 potions of invisibility {unknown}
 A - 2 potions of brilliance {unknown}
 C - a potion of heal wounds {unknown}
 E - 2 potions of might {unknown}
Books
 a - a book of Callings

   Spells                             Type                      Level
   a - Summon Small Mammal            Summoning                    1
   b - Call Imp                       Summoning                    2
   c - Call Canine Familiar           Summoning                    3
   d - Summon Guardian Golem          Hexes/Summoning              3
   e - Summon Lightning Spire         Summoning/Air                4
   f - Summon Ice Beast               Ice/Summoning                4
Comestibles
 c - 4 meat rations
 g - 2 slices of pizza
 t - a beef jerky


   Skills:
 + Level 5.4 Fighting
 + Level 6.0 Axes
 * Level 6.1 Armour
 + Level 1.5 Dodging
 * Level 4.6 Invocations


You had 7 spell levels left.
You didn't know any spells.

Dungeon Overview and Level Annotations

Branches:
Dungeon (7/15)             Temple (0/1) D:5

Altars:


Innate Abilities, Weirdness & Mutations

Your body is rotting away.
You thrive on raw meat.
You are immune to poison.
You have sharp fingernails.
You are carnivorous and can eat meat at any time.
Your flesh is cold resistant. (rC+)
You are immune to negative energy. (rN+++)
You regenerate slowly when monsters are visible.
You are immune to unholy pain and torment.
You can survive without breathing.


Message History

The orc warrior hits you but does no damage.
You closely miss the orc warrior.
The orc warrior is severely wounded.
The orc warrior hits you with a long sword.
* * * LOW HITPOINT WARNING * * *
You closely miss the orc warrior.
The orc warrior is severely wounded.
The orc warrior hits you but does no damage.
It was a potion of curing.
You feel better.
The orc warrior hits you with a long sword!
* * * LOW HITPOINT WARNING * * *
You feel better.
You hit the orc warrior.
The orc warrior is almost dead.
The orc warrior hits you with a long sword!
* * * LOW HITPOINT WARNING * * *
You hit the orc warrior.
The orc warrior is almost dead.
The orc warrior hits you with a long sword!
You die...

### #@#
.......o.......
###.....#######
#######


You could see an orc warrior.

Vanquished Creatures
  Pikel (D:6)
  The ghost of Enrond the Shooter, an amateur CeHu (D:5)
  Eustachio (D:4)
  A water moccasin (D:6)
  A phantom (D:5)
  A centaur (D:5)
  A howler monkey (D:4)
  A crimson imp (D:6)
  A hound (D:5)
  2 orc priests
  2 orc wizards (D:4)
  3 worker ants
  A hound skeleton (D:6)
  Robin (D:4)
  A gnoll (D:3)
  6 adders
  3 worms
  5 leopard geckos
  10 orcs
  A ball python (D:4)
  8 bats
  6 giant cockroaches
  7 hobgoblins
  3 jackals (D:1)
  2 quokkas
  5 frilled lizards
  14 goblins
  A jackal skeleton (D:6)
  2 jackal zombies
  3 kobolds
  A leopard gecko skeleton (D:5)
  4 rats
100 creatures vanquished.

Vanquished Creatures (others)
  A worker ant (D:6)
1 creature vanquished.

Grand Total: 101 creatures vanquished

Notes
Turn   | Place    | Note
-------+----------+-------------------------------------------
     0 | Abyss:1  | Gargoyl the Ghoul Abyssal Knight began the quest for the Orb.
     0 | Abyss:1  | Reached XP level 1. HP: 19/19 MP: 1/1
    99 | Abyss:2  | Noticed a flying skull
   107 | D:1      | Escaped the Abyss
   111 | D:1      | Noticed an electric eel
   117 | D:1      | Noticed an electric eel
   235 | D:1      | You fall through a shaft!
   239 | D:2      | Reached * piety under Lugonu
   329 | D:2      | Reached XP level 2. HP: 26/27 MP: 2/2
   651 | D:1      | Reached XP level 3. HP: 28/33 MP: 3/3
  1112 | D:2      | Reached XP level 4. HP: 16/40 MP: 4/4
  1833 | D:3      | Noticed an ice beast
  2207 | D:3      | Reached skill level 1 in Dodging
  2207 | D:3      | Reached XP level 5. HP: 42/42 MP: 6/6
  2244 | D:3      | Reached ** piety under Lugonu
  2618 | D:4      | Reached XP level 6. HP: 50/52 MP: 7/7
  2690 | D:4      | Noticed Eustachio
  2961 | D:4      | Noticed Robin
  2981 | D:4      | Killed Robin
  3161 | D:4      | Killed Eustachio
  3161 | D:4      | Reached XP level 7. HP: 30/60 MP: 8/8
  3278 | D:5      | Entered Level 5 of the Dungeon
  3329 | D:5      | Reached *** piety under Lugonu
  3360 | D:5      | Noticed Enrond's ghost (amateur CeHu)
  3569 | D:5      | Killed Enrond's ghost
  3569 | D:5      | Reached skill level 5 in Fighting
  3569 | D:5      | Reached skill level 5 in Armour
  3751 | D:5      | Reached XP level 8. HP: 45/68 MP: 9/9
  3798 | D:5      | Reached skill level 5 in Axes
  3840 | D:5      | Found a staircase to the Ecumenical Temple.
  4299 | D:6      | Noticed Pikel
  4335 | D:6      | Killed Pikel
  4454 | D:7      | Slain by an orc warrior

Skill      XL: |  1  2  3  4  5  6  7  8 |
---------------+-------------------------+-----
Axes           | 2 3 4 6 |  6.0
Armour         | 2 3 4 5 6 |  6.1
Fighting       | 4 5 |  5.4
Dodging        | 1 |  1.5
Invocations    | 3 4 |  4.6

Action                   |  1- 3 |  4- 6 |  7- 9 || total
-------------------------+-------+-------+-------++-------
Melee: Hand axe          |   112 |   216 |    68 ||   396
       War axe           |       |       |   135 ||   135
Invok: Depart the Abyss  |     1 |       |       ||     1
  Use: Scroll            |       |     4 |       ||     4
       Potion            |       |       |     2 ||     2
  Eat: Chunk             |    10 |    27 |    17 ||    54
Armor: Plate armour      |   131 |   243 |   166 ||   540
Dodge: Dodged            |    33 |    71 |    62 ||   166
